 Dungeon Crawl Stone Soup version 0.29-a0-330-g52719c12eb (webtiles) character file.

Game seed: 16776444708865874642

36 thiscave3701365 the Magician (level 3, -4/28 HPs)
             Began as a Djinni Warper on Apr 12, 2022.
             Slain by Natasha (5 damage)
             ... on level 2 of the Dungeon.
             The game lasted 00:01:33 (1469 turns).

thiscave3701365 the Magician (Djinni Warper)        Turns: 1469, Time: 00:01:34

Health: -4/28      AC:  8    Str: 12    XL:     3   Next: 57%
Gold:   80         EV:  1    Int: 14    God:
                   SH: 10    Dex: 12

rFire   + + .      SeeInvis .   a - +0 falchion
rCold   x . .      Faith    .   h - +0 tower shield
rNeg    . . .      Spirit   .   e - +0 chain mail
rPois   ∞          Reflect  .   (no helmet)
rElec   .          Harm     .   (no cloak)
rCorr   .          Rampage  .   (no gloves)
Will    .....                   (boots unavailable)
Stlth   ..........              (no amulet)
HPRegen 0.09/turn               (no ring)
MPRegen 0.00/turn               (no ring)

@: flying, slowed, very slow
A: sickness immunity, fire resistance 2, cold vulnerability 1, float, innate
caster, HP casting, extra vitality 1
a: no special abilities


You were on level 2 of the Dungeon.
You visited 1 branch of the dungeon, and saw 2 of its levels.

You collected 80 gold pieces.

Inventory:

Hand Weapons
 a - a +0 falchion (weapon)
Missiles
 d - 7 boomerangs of dispersal
Armour
 e - a +0 chain mail (worn)
 h - a +0 tower shield (worn)
Scrolls
 c - 2 scrolls of blinking
 g - a scroll of teleportation {unknown}
 i - a scroll of vulnerability {unknown}
 j - a scroll of noise {unknown}
 k - 2 scrolls of fear {unknown}
Potions
 b - a potion of heal wounds {unknown}
 f - 2 potions of mutation {unknown}
 l - a potion of ambrosia {unknown}


   Skills:
 + Level 2.1 Fighting
 + Level 2.6 Long Blades
 + Level 0.7 Throwing
 + Level 1.2 Armour
 + Level 2.5 Dodging
 + Level 0.2 Shields
 + Level 2.6 Spellcasting


You couldn't memorise any spells.
You knew the following spells:

 Your Spells              Type           Power      Damage    Failure   Level
a - Blink                 Tloc           18%        N/A       100%        2
b - Lesser Beckoning      Tloc           9%         N/A       100%        3
c - Gell's Gravitas       Tloc           9%         N/A       100%        3
d - Teleport Other        Tloc           9%         N/A       100%        3
e - Manifold Assault      Tloc           9%         N/A       100%        5
f - Beastly Appendage     Tmut           18%        N/A       100%        1
Your spell library was empty.


Dungeon Overview and Level Annotations

Branches:
Dungeon (2/15)

Altars:
Gozag

Shops:
D:2 ?

Annotations:
D:2 Natasha


Innate Abilities, Weirdness & Mutations

You are immune to sickness and miasma.
You are immune to poison.
Your flesh is very heat resistant. (rF++)
You are vulnerable to cold. (rC-)
You float through the air rather than walking.
You learn spells naturally, not from books.
Your magical power is your life essence.
You have superior vitality. (+4 MHP)


Message History

You miss Natasha.
Natasha is moderately wounded.
Natasha casts a spell at you. You resist with some effort.
Natasha mewls in sadness.
You block Natasha's attack.
You hit Natasha but do no damage.
Natasha is moderately wounded.
You block Natasha's attack.
You closely miss Natasha.
Natasha is moderately wounded.
Natasha claws you but does no damage. You block Natasha's attack.
You hit Natasha.
Natasha is heavily wounded.
Natasha claws you. Natasha casts a spell at you. The magic dart hits you.
* * * LOW HITPOINT WARNING * * *
You slash Natasha!
Natasha is almost dead.
Natasha casts a spell at you.
The magic dart hits you but does no damage.
You closely miss Natasha.
Natasha is almost dead.
You block Natasha's attack. Natasha casts a spell at you.
You feel yourself slow down.
You barely miss Natasha.
Natasha is almost dead.
Natasha extends her claws.
Natasha claws you.
* * * LOW HITPOINT WARNING * * *
Natasha stares at you and mumbles some strange words.
The magic dart hits you.
* * * LOW HITPOINT WARNING * * *
You hit Natasha but do no damage.
Natasha is almost dead.
Natasha mumbles some strange words.
Natasha claws you.
You die...

#.# ## #.# .# #.#
.# #.# .# #5# .#
#5# .# #h# .# #@#
.# #.#
################.#
.................#
##################


You could see Natasha, a crimson imp (summoned) and a shadow imp (summoned).

Vanquished Creatures
  A worm (D:2)
  2 dart slugs
  A bat (D:1)
  A giant cockroach (D:1)
  4 goblins
  4 hobgoblins (D:1)
  2 quokkas (D:1)
  2 ball pythons (D:1)
  2 frilled lizards (D:1)
  6 kobolds (D:1)
  2 rats (D:1)
27 creatures vanquished.

Notes
Turn   | Place    | Note
-------+----------+-------------------------------------------
     0 | D:1      | thiscave3701365 the Djinni Warper began the quest for the
                  | Orb.
     0 | D:1      | Reached XP level 1. HP: 18/18 MP: 0/0
   157 | D:1      | Reached XP level 2. HP: 18/23 MP: 0/0
   666 | D:1      | Reached XP level 3. HP: 22/28 MP: 0/0
   666 | D:1      | Learned a level 1 spell: Beastly Appendage
   963 | D:1      | Found a faded altar of an unknown god.
  1011 | D:2      | Found Pifuowut's Magic Scroll Boutique.
  1035 | D:2      | Found an opulent altar of Gozag.
  1452 | D:2      | Noticed Natasha
  1468 | D:2      | HP: 1/28 [Natasha/magic dart (4)]
  1469 | D:2      | Slain by Natasha

Illustrated notes

Levels and vault maps discovered:
D:1:      erik_arrival_orb_chamber, layout_basic,
          ebering_ecumenical_altar_sacrificial
D:2:      layout_basic, basic_altar, serial_shops, shop_fountains,
          minmay_randomly_rotated_circles, uniq_natasha

Skill      XL: |  1 |
---------------+----+-----
Long Blades    | 2 |  2.6
Fighting       | |  2.1
Throwing       | |  0.7
Armour         | |  1.2
Dodging        | |  2.5
Shields        | |  0.2
Spellcasting   | |  2.6

Action                   || total
-------------------------++-------
Melee: Falchion          ||   107
Armor: Leather armour    ||     4
       Chain mail        ||    57
Dodge: Dodged            ||    15
Block: Tower shield      ||    41

Table legend: (Time is in decaauts)
 A = Elapsed time spent in this place.
 B = Non-inter-level travel time spent in this place.
 C = Inter-level travel time spent in this place.
 D = Time resting spent in this place.
 E = Time spent auto-exploring this place.
 F = Levels seen in this place.
 G = Mean time per level.
                   A        B        C        D        E       F      G
               +--------+--------+--------+--------+--------+-----+--------+
         Total |   1520 |   1507 |     13 |      0 |   1226 |   2 |  760.0 |
       Dungeon |   1520 |   1507 |     13 |      0 |   1226 |   2 |  760.0 |
               +--------+--------+--------+--------+--------+-----+--------+

Top non-repeatable levels by time:
     D:1: 1033 daAuts
     D:2: 487 daAuts
